BSA
SAN FRANCISCO BANDITS @ POCATELLO BOCCABELLAS
09/03/2027
 
TOP OF THE 1ST
San Francisco Bandits batting - Pitching for Pocatello Boccabellas : RHP Kevin Bush
Pitching: RHP Kevin Bush
Batting: RHB Javier Ramírez 0-0: Called Strike
0-1: Ball
1-1: Foul Ball, location: 2F
1-2: Foul Ball, location: 2F
1-2: Ball
2-2: Foul Ball, location: 2F
2-2: Foul Ball, location: 2F
2-2: Strikes out swinging
Batting: RHB Scott Merritt 0-0: Called Strike
0-1: Swinging Strike
0-2: Ground out 1-3 (Groundball, P)
Batting: LHB Jerry Bryan 0-0: Called Strike
0-1: Swinging Strike
0-2: Ball
1-2: Strikes out swinging
Top of the 1st over - 0 run(s), 0 hit(s), 0 error(s), 0 left on base; San Francisco 0 - Pocatello 0
BOTTOM OF THE 1ST
Pocatello Boccabellas batting - Pitching for San Francisco Bandits : LHP Pancho Guerrero
Pitching: LHP Pancho Guerrero
Batting: RHB Tomás Carranza 0-0: Ball
1-0: Foul Ball, location: 2F
1-1: Ball
2-1: Ground out 6-3 (Groundball, 6)
Batting: RHB Francisco Sandoval 0-0: SINGLE (Line Drive, 34)
Batting: LHB Juan Cortés 0-0: Foul Ball, location: 2F
0-1: Ball
1-1: DOUBLE (Line Drive, 89XD)
Francisco Sandoval to third
Batting: RHB Ernesto Acosta 0-0: Ground out 5-3 (Groundball, 56)
Francisco Sandoval scores
Batting: RHB Manny Copriviza 0-0: Ball
1-0: Ball
2-0: Ball
3-0: Foul Ball, location: 2F
3-1: Base on Balls
Batting: LHB Jim Jensen 0-0: Called Strike
0-1: Ball
1-1: Called Strike
1-2: Foul Ball, location: 2F
1-2: Fly out, F2 (Popup, 2L)
Bottom of the 1st over - 1 run(s), 2 hit(s), 0 error(s), 2 left on base; San Francisco 0 - Pocatello 1
TOP OF THE 2ND
San Francisco Bandits batting - Pitching for Pocatello Boccabellas : RHP Kevin Bush
Batting: RHB Cory Foster 0-0: Called Strike
0-1: Ball
1-1: Called Strike
1-2: Foul Ball, location: 2F
1-2: Strikes out looking
Batting: LHB Jack Hewat 0-0: Foul Ball, location: 2F
0-1: Ball
1-1: Swinging Strike
1-2: Ball
2-2: Foul Ball, location: 2F
2-2: Foul Ball, location: 2F
2-2: Ball
3-2: SINGLE (Groundball, 4MD)
Batting: RHB Naomichi Aoki 0-0: Grounds into double play, 6-4-3 (Groundball, 6)
Top of the 2nd over - 0 run(s), 1 hit(s), 0 error(s), 0 left on base; San Francisco 0 - Pocatello 1
BOTTOM OF THE 2ND
Pocatello Boccabellas batting - Pitching for San Francisco Bandits : LHP Pancho Guerrero
Batting: SHB Nick Cox 0-0: Ball
1-0: Ball
2-0: Foul Ball, location: 2F
2-1: Foul Ball, location: 2F
2-2: DOUBLE (Flyball, 8RXD)
Batting: RHB José Delgado 0-0: Called Strike
0-1: Fly out, F9 (Line Drive, 9S)
Batting: LHB Vicente Bueno 0-0: Foul Ball, location: 2F
0-1: Ball
1-1: Ball
2-1: Called Strike
2-2: Fly out, F9 (Flyball, 9)
Batting: RHB Tomás Carranza 0-0: Ball
1-0: Foul Ball, location: 2F
1-1: Swinging Strike
1-2: Ball
2-2: Foul Ball, location: 2F
2-2: Fly out, F8 (Flyball, 8RD)
Bottom of the 2nd over - 0 run(s), 1 hit(s), 0 error(s), 1 left on base; San Francisco 0 - Pocatello 1
TOP OF THE 3RD
San Francisco Bandits batting - Pitching for Pocatello Boccabellas : RHP Kevin Bush
Batting: LHB Mel Jones 0-0: Ball
1-0: Foul Ball, location: 2F
1-1: Swinging Strike
1-2: Strikes out swinging
Batting: RHB José Sánchez 0-0: Fly out, F6 (Popup, 6M)
Batting: RHB Miguel Mendoza 0-0: Called Strike
0-1: Foul Ball, location: 2F
0-2: Strikes out swinging
Top of the 3rd over - 0 run(s), 0 hit(s), 0 error(s), 0 left on base; San Francisco 0 - Pocatello 1
BOTTOM OF THE 3RD
Pocatello Boccabellas batting - Pitching for San Francisco Bandits : LHP Pancho Guerrero
Batting: RHB Francisco Sandoval 0-0: Ball
1-0: Foul Ball, location: 2F
1-1: Foul Ball, location: 2F
1-2: Fly out, F4 (Popup, 4D)
Batting: LHB Juan Cortés 0-0: Ball
1-0: Ball
2-0: Foul Ball, location: 2F
2-1: Ball
3-1: Foul Ball, location: 2F
3-2: SOLO HOME RUN (Flyball, 78XD), Distance : 406 ft
Batting: RHB Ernesto Acosta 0-0: DOUBLE (Line Drive, 78D)
Batting: RHB Manny Copriviza 0-0: Called Strike
0-1: Called Strike
0-2: Ball
1-2: Strikes out looking
Batting: LHB Jim Jensen 0-0: Foul Ball, location: 2F
0-1: Fly out, F7 (Flyball, 7LM)
Bottom of the 3rd over - 1 run(s), 2 hit(s), 0 error(s), 1 left on base; San Francisco 0 - Pocatello 2
TOP OF THE 4TH
San Francisco Bandits batting - Pitching for Pocatello Boccabellas : RHP Kevin Bush
Batting: RHB Javier Ramírez 0-0: Called Strike
0-1: Ball
1-1: Ground out 6-3 (Groundball, 6)
Batting: RHB Scott Merritt 0-0: Ball
1-0: Called Strike
1-1: Foul Ball, location: 2F
1-2: Strikes out swinging
Batting: LHB Jerry Bryan 0-0: Called Strike
0-1: Called Strike
0-2: Ball
1-2: Strikes out swinging
Top of the 4th over - 0 run(s), 0 hit(s), 0 error(s), 0 left on base; San Francisco 0 - Pocatello 2
BOTTOM OF THE 4TH
Pocatello Boccabellas batting - Pitching for San Francisco Bandits : LHP Pancho Guerrero
Batting: SHB Nick Cox 0-0: Foul Ball, location: 2F
0-1: Called Strike
0-2: Ball
1-2: Foul Ball, location: 2F
1-2: Ball
2-2: Fly out, F8 (Flyball, 78S)
Batting: RHB José Delgado 0-0: Fly out, F9 (Flyball, 9LS)
Batting: LHB Vicente Bueno 0-0: Ball
1-0: SINGLE (Line Drive, 34)
Batting: RHB Tomás Carranza 0-0: Ball
1-0: Called Strike
1-1: Ball
2-1: Called Strike
2-2: Ground out 1-3 (Groundball, 15S)
Bottom of the 4th over - 0 run(s), 1 hit(s), 0 error(s), 1 left on base; San Francisco 0 - Pocatello 2
TOP OF THE 5TH
San Francisco Bandits batting - Pitching for Pocatello Boccabellas : RHP Kevin Bush
Batting: RHB Cory Foster 0-0: Called Strike
0-1: Ball
1-1: Foul Ball, location: 2F
1-2: Strikes out looking
Batting: LHB Jack Hewat 0-0: Ball
1-0: Swinging Strike
1-1: Foul Ball, location: 2F
1-2: Foul Ball, location: 2F
1-2: Strikes out swinging
Batting: RHB Naomichi Aoki 0-0: Called Strike
0-1: Called Strike
0-2: Foul Ball, location: 2F
0-2: Strikes out swinging
Top of the 5th over - 0 run(s), 0 hit(s), 0 error(s), 0 left on base; San Francisco 0 - Pocatello 2
BOTTOM OF THE 5TH
Pocatello Boccabellas batting - Pitching for San Francisco Bandits : LHP Pancho Guerrero
Batting: RHB Francisco Sandoval 0-0: Ball
1-0: Ball
2-0: DOUBLE (Line Drive, 9D)
Batting: LHB Juan Cortés 0-0: Ball
1-0: SINGLE (Flyball, 8RS)
Francisco Sandoval to third
Batting: RHB Ernesto Acosta 0-0: DOUBLE (Line Drive, 89XD)
Francisco Sandoval scores
Juan Cortés to third
Runner from 3rd tries for Home, SAFE, no throw
Batting: RHB Manny Copriviza 0-0: Ball
1-0: Swinging Strike
1-1: Ball
2-1: Foul Ball, location: 2F
2-2: Foul Ball, location: 2F
2-2: Fly out, F7 (Flyball, 78M)
Batting: LHB Jim Jensen 0-0: Ball
1-0: Ball
2-0: Ball
3-0: Base on Balls
Batting: SHB Nick Cox 0-0: Ball
1-0: Foul Ball, location: 2F
1-1: Called Strike
1-2: Ball
2-2: Strikes out swinging
Batting: RHB José Delgado 0-0: Swinging Strike
0-1: Fielders Choice at 2nd, 6-4 (Groundball, 6)
Bottom of the 5th over - 2 run(s), 3 hit(s), 0 error(s), 1 left on base; San Francisco 0 - Pocatello 4
TOP OF THE 6TH
San Francisco Bandits batting - Pitching for Pocatello Boccabellas : RHP Kevin Bush
Batting: LHB Mel Jones 0-0: Swinging Strike
0-1: Called Strike
0-2: Strikes out swinging
Batting: RHB José Sánchez 0-0: Fly out, F7 (Flyball, 78M)
Batting: RHB Miguel Mendoza 0-0: Called Strike
0-1: Called Strike
0-2: Ball
1-2: Foul Ball, location: 2F
1-2: Ball
2-2: Strikes out looking
Top of the 6th over - 0 run(s), 0 hit(s), 0 error(s), 0 left on base; San Francisco 0 - Pocatello 4
BOTTOM OF THE 6TH
Pocatello Boccabellas batting - Pitching for San Francisco Bandits : LHP Pancho Guerrero
Batting: LHB Vicente Bueno 0-0: Called Strike
0-1: Fly out, F6 (Line Drive, 6M)
Batting: RHB Tomás Carranza 0-0: Ball
1-0: Foul Ball, location: 2F
1-1: SOLO HOME RUN (Flyball, 7D), Distance : 389 ft
Batting: RHB Francisco Sandoval 0-0: Ball
1-0: Foul Ball, location: 2F
1-1: Fly out, F4 (Line Drive, 4)
Batting: LHB Juan Cortés 0-0: Swinging Strike
0-1: Called Strike
0-2: Ball
1-2: Fly out, F7 (Line Drive, 7)
Bottom of the 6th over - 1 run(s), 1 hit(s), 0 error(s), 0 left on base; San Francisco 0 - Pocatello 5
TOP OF THE 7TH
San Francisco Bandits batting - Pitching for Pocatello Boccabellas : RHP Kevin Bush
Batting: RHB Javier Ramírez 0-0: Ball
1-0: Ball
2-0: Ball
3-0: Called Strike
3-1: Hit by Pitch
Batting: RHB Scott Merritt 0-0: Fielders Choice at 2nd, 4-6 (Groundball, 4M)
Batting: LHB Jerry Bryan 0-0: Foul Ball, location: 2F
0-1: Called Strike
0-2: Ball
1-2: Foul Ball, location: 2F
1-2: Strikes out swinging
Batting: RHB Cory Foster 0-0: Ball
1-0: Called Strike
1-1: Ball
2-1: Foul Ball, location: 2F
2-2: Ball
3-2: Foul Ball, location: 2F
3-2: Strikes out looking
Top of the 7th over - 0 run(s), 0 hit(s), 0 error(s), 1 left on base; San Francisco 0 - Pocatello 5
BOTTOM OF THE 7TH
Pocatello Boccabellas batting - Pitching for San Francisco Bandits : LHP Pancho Guerrero
Pitching: RHP Bob Cunningham
Batting: RHB Ernesto Acosta 0-0: Ball
1-0: Called Strike
1-1: Ball
2-1: Swinging Strike
2-2: Strikes out swinging
Batting: RHB Manny Copriviza 0-0: Ball
1-0: Called Strike
1-1: Called Strike
1-2: Foul Ball, location: 2F
1-2: Strikes out looking
Batting: LHB Jim Jensen 0-0: Fly out, F8 (Flyball, 89S)
Bottom of the 7th over - 0 run(s), 0 hit(s), 0 error(s), 0 left on base; San Francisco 0 - Pocatello 5
TOP OF THE 8TH
San Francisco Bandits batting - Pitching for Pocatello Boccabellas : RHP Kevin Bush
Now at 1B: Chris Parker
Batting: LHB Jack Hewat 0-0: Ball
1-0: Fly out, F8 (Flyball, 78S)
Batting: RHB Naomichi Aoki 0-0: Ball
1-0: Swinging Strike
1-1: Ball
2-1: Foul Ball, location: 2F
2-2: Ball
3-2: Foul Ball, location: 2F
3-2: Fly out, F5 (Line Drive, 5S)
Batting: LHB Mel Jones 0-0: Called Strike
0-1: Ball
1-1: Foul Ball, location: 2F
1-2: Strikes out looking
Top of the 8th over - 0 run(s), 0 hit(s), 0 error(s), 0 left on base; San Francisco 0 - Pocatello 5
BOTTOM OF THE 8TH
Pocatello Boccabellas batting - Pitching for San Francisco Bandits : RHP Bob Cunningham
Batting: SHB Nick Cox 0-0: Fly out, F8 (Flyball, 78S)
Batting: RHB José Delgado 0-0: Foul Ball, location: 2F
0-1: Ball
1-1: SINGLE (Groundball, 6MD)
Batting: LHB Vicente Bueno 0-0: Called Strike
0-1: Ball
José Delgado steals 2nd base
1-1: Ball
2-1: SINGLE (Groundball, 6D)
José Delgado to third
Runner from 3rd tries for Home, SAFE, throw made home
Vicente Bueno to second
Batting: RHB Tomás Carranza 0-0: Called Strike
0-1: Ball
1-1: Ball
2-1: Ground out 4-3 (Groundball, 4)
Vicente Bueno to third
Batting: RHB Francisco Sandoval 0-0: Called Strike
0-1: Foul Ball, location: 2F
0-2: Ball
1-2: Foul Ball, location: 2F
1-2: SINGLE (Flyball, 8RS)
Vicente Bueno scores
Batting: LHB Juan Cortés 0-0: Foul Ball, location: 2F
0-1: Fly out, F7 (Flyball, 7LSF)
Bottom of the 8th over - 2 run(s), 3 hit(s), 0 error(s), 1 left on base; San Francisco 0 - Pocatello 7
TOP OF THE 9TH
San Francisco Bandits batting - Pitching for Pocatello Boccabellas : RHP Kevin Bush
Batting: RHB José Sánchez 0-0: Swinging Strike
0-1: Ball
1-1: Ball
2-1: Foul Ball, location: 2F
2-2: Strikes out swinging
Batting: RHB Miguel Mendoza 0-0: Called Strike
0-1: Called Strike
0-2: Strikes out looking
Batting: RHB Javier Ramírez 0-0: Ball
1-0: Foul Ball, location: 2F
1-1: Fly out, F7 (Flyball, 78XD)
Top of the 9th over - 0 run(s), 0 hit(s), 0 error(s), 0 left on base; San Francisco 0 - Pocatello 7
Thursday, March 30th, 2017 - OOTP Baseball 17.12 Build 75